 Dungeon Crawl Stone Soup version 0.18.1-2-ga659475 (webtiles) character file.

714 vale the Conjurer (level 7, -4/55 HPs)
             Began as a Naga Wizard on May 7, 2016.
             Was a Follower of Sif Muna.
             Slain by a hill giant
             ... wielding a +0 giant club
              (24 damage)
             ... on level 6 of the Dungeon.
             The game lasted 00:23:00 (5957 turns).

vale the Conjurer (Naga Wizard)                     Turns: 5957, Time: 00:23:00

Health: -4/55      AC:  5    Str:  9    XL:     7   Next: 69%
Magic:  2/15       EV:  9    Int: 21    God:    Sif Muna [*.....]
Gold:   203        SH:  0    Dex:  9    Spells: 6 memorised, 4 levels left

rFire  . . .     SeeInvis +     e - +1 dagger
rCold  . . .     Gourm    .     a - +0 robe
rNeg   . . .     Faith    .     (no shield)
rPois  +         Spirit   .     y - +2 hat
rElec  .         Dismiss  .     (no cloak)
rCorr  .         Reflect  .     (no gloves)
SustAt .         Harm     .     (no barding)
MR     .....                    (no amulet)
Stlth  +++.......               (no ring)
                                (no ring)

@: very slightly contaminated, repel missiles, very slow, not resistant to
hostile enchantments, fairly stealthy
A: see invisible, deformed body, poison resistance, slowness 2, slow metabolism
1, spit poison 2, AC +2
a: Spit Poison, Channel Energy, Renounce Religion


You were on level 6 of the Dungeon.
You worshipped Sif Muna.
Sif Muna was aware of your devotion.
You were hungry.

You visited 2 branches of the dungeon, and saw 7 of its levels.

You collected 203 gold pieces.

Inventory:

Hand Weapons
 e - a +1 dagger (weapon)
 w - a +0 long sword
Missiles
 h - 117 stones (quivered)
Armour
 a - a +0 robe (worn)
 y - a +2 hat (worn)
Wands
 t - a wand of flame (4/48)
 z - a wand of teleportation (5/9)
Scrolls
 n - a scroll of teleportation
 o - 2 scrolls of remove curse
 v - a scroll of fear {unknown}
 x - a scroll of identify
Potions
 b - 2 potions of lignification {unknown}
 j - 3 potions of might
 k - a potion of mutation {unknown}
 m - a potion of ambrosia {unknown}
 p - a potion of cancellation {unknown}
 q - 3 potions of curing
 r - 2 potions of degeneration {unknown}
 s - a potion of resistance {unknown}
Books
 c - a book of Minor Magic

   Spells                             Type                      Level
   a - Magic Dart                     Conjuration                  1
   b - Blink                          Translocation                2
   c - Call Imp                       Summoning                    2
   d - Repel Missiles                 Charms/Air                   2
   e - Slow                           Hexes                        2
   f - Conjure Flame                  Conjuration/Fire             3
   g - Mephitic Cloud                 Conjuration/Poison/Air       3
 f - a Necronomicon

   Spells                             Type                      Level
   a - Haunt                          Necromancy/Summoning         7
   b - Borgnjor's Revivification      Necromancy                   8
   c - Death's Door                   Charms/Necromancy            8
   d - Necromutation                  Transmutation/Necromancy     8
Comestibles
 d - 5 bread rations {@e1}
 g - a meat ration {@e2}
 i - 2 slices of pizza
 l - 3 beef jerkies


   Skills:
 - Level 1.5 Dodging
 - Level 4.2 Stealth
 * Level 5.5 Spellcasting
 - Level 5.8 Conjurations
 - Level 1.0 Summonings
 - Level 1.0 Translocations
 + Level 1.4 Invocations


You had 4 spell levels left.
You knew the following spells:

 Your Spells              Type           Power        Failure   Level  Hunger
a - Magic Dart            Conj           ####         1%          1    None
c - Conjure Flame         Conj/Fire      ###.....     12%         3    ##.....
d - Mephitic Cloud        Conj/Pois/Air  ##......     17%         3    ##.....
e - Call Imp              Summ           ##......     12%         2    None
f - Repel Missiles        Chrm/Air       #.....       17%         2    None
p - Blink                 Tloc           N/A          12%         2    None


Dungeon Overview and Level Annotations

Branches:
Dungeon (6/15)             Temple (1/1) D:4

Altars:
Ashenzari
Dithmenos
Elyvilon
Gozag
Kikubaaqudgha
Makhleb
Nemelex Xobeh
Okawaru
Pakellas
Qazlal
Ru
Sif Muna
Trog
Vehumet
Xom
Yredelemnul
Zin
The Shining One

Annotations:
D:2 exclusion: Ijyb, Ijyb
D:4 exclusion: Sigmund, Sigmund; TEITOKU's ghost, novice DrFi
D:5 Grinder; Menkaure; Pikel


Innate Abilities, Weirdness & Mutations

You cannot wear boots.
Your serpentine skin is tough (AC +2).
You have supernaturally acute eyesight.
Armour fits poorly on your strangely shaped body.
Your system is resistant to poisons.
You cover ground very slowly.
You have a slow metabolism.
You can spit poison.


Message History

Aim: a hill giant, wielding a giant club (lightly wounded)
The ball explodes into a vile cloud!
The stinking cloud engulfs the hill giant.
The hill giant is engulfed in noxious fumes.
You now have 1/15 mp.
You hit the hill giant but do no damage.
The hill giant is engulfed in roaring flames.
The hill giant hits you with a giant club!!
* * * LOW HITPOINT WARNING * * *
You take 26 damage, and have 29/55 hp.
MASSIVE DAMAGE!!
You fail to use your ability.
You fail to use your ability.
The hill giant is engulfed in roaring flames.
The hill giant hits you with a giant club!
* * * LOW HITPOINT WARNING * * *
You take 9 damage, and have 20/55 hp.
You channel some magical energy.
You feel somewhat more hungry.
The hill giant is engulfed in roaring flames.
The hill giant hits you with a giant club!!
You die...

## .. #.# ...#
.# #.# ...C.#[
#.# .......###
#.# #.C.# #.#
#.#.# #.#
...#.### #.#
#...##..§#####
#.# #..#
###§C@..### #.#
#..
#####...######.#
#. ###........#
## #######..#
####


You could see a hill giant.

Vanquished Creatures
  2 slaves (D:5)
  A giant frog (D:3)
  A jelly (D:6)
  3 hounds
  An orc priest (D:6)
  3 iguanas (D:5)
  Jessica (D:2)
  5 worker ants
  4 orc wizards
  5 adders
  A gnoll (D:6)
  3 river rats
  An adder skeleton (D:5)
  2 dart slugs
  3 giant geckos
  9 orcs
  6 giant cockroaches
  7 goblins
  3 hobgoblins
  13 jackals
  6 kobolds
  2 ball pythons
  9 bats
  4 giant newts
  A jackal skeleton (D:5)
  5 rats
101 creatures vanquished.

Vanquished Creatures (collateral kills)
  An adder (D:2)
1 creature vanquished.

Grand Total: 102 creatures vanquished

Notes
Turn   | Place    | Note
--------------------------------------------------------------
     0 | D:1      | vale the Naga Wizard began the quest for the Orb.
     0 | D:1      | Reached XP level 1. HP: 15/15 MP: 4/4
   245 | D:1      | Reached XP level 2. HP: 22/22 MP: 4/6
   249 | D:1      | Learned a level 2 spell: Blink
   252 | D:1      | Learned a level 2 spell: Call Imp
   904 | D:2      | Reached XP level 3. HP: 28/28 MP: 5/7
   927 | D:2      | Noticed Jessica
   934 | D:2      | Killed Jessica
   969 | D:2      | Noticed Ijyb
   988 | D:2      | Reached XP level 4. HP: 36/36 MP: 3/8
  1006 | D:2      | Found a shattered altar of Ashenzari.
  1007 | D:2      | Found a shimmering altar of Xom.
  1009 | D:2      | Found a sacrificial altar of Ru.
  1012 | D:2      | Found a deep blue altar of Sif Muna.
  1013 | D:2      | Found an iron altar of Okawaru.
  1028 | D:2      | Learned a level 3 spell: Mephitic Cloud
  1032 | D:2      | Became a worshipper of Sif Muna the Loreminder
  1657 | D:3      | Found a bloodstained altar of Trog.
  2589 | D:3      | Noticed a giant frog
  2598 | D:3      | Killed a giant frog
  2598 | D:3      | Reached skill level 5 in Conjurations
  2598 | D:3      | Reached XP level 5. HP: 30/42 MP: 3/9
  2926 | D:4      | Noticed TEITOKU's ghost (novice DrFi)
  3001 | D:5      | Entered Level 5 of the Dungeon
  3155 | D:4      | Reached XP level 6. HP: 26/49 MP: 2/10
  3164 | D:4      | Reached * piety under Sif Muna
  3462 | D:4      | Found a burning altar of Makhleb.
  3472 | D:4      | Found an oddly glowing altar of Pakellas.
  3712 | D:4      | Found a sparkling altar of Nemelex Xobeh.
  3712 | D:4      | Found an opulent altar of Gozag.
  3712 | D:4      | Noticed Sigmund
  3769 | D:4      | Found a staircase to the Ecumenical Temple.
  3791 | Temple   | Entered the Ecumenical Temple
  4201 | D:5      | Noticed Grinder
  4249 | D:5      | Learned a level 3 spell: Conjure Flame
  4252 | D:5      | Learned a level 2 spell: Repel Missiles
  4315 | D:5      | Noticed Menkaure
  4614 | D:5      | Reached XP level 7. HP: 55/55 MP: 6/13
  4929 | D:5      | Noticed Pikel
  5529 | D:6      | Reached skill level 5 in Spellcasting
  5623 | D:6      | Reached skill level 1 in Invocations
  5880 | D:6      | Noticed a hill giant
  5957 | D:6      | Slain by a hill giant

Skill      XL: |  1  2  3  4  5  6  7 |
---------------+----------------------+-----
Conjurations   | 2 3 5 |  5.8
Spellcasting   | 4 5 |  5.5
Stealth        | 4 |  4.2
Invocations    | 1 |  1.4
Dodging        | |  1.5
Summonings     | |  1.0
Translocations | |  1.0

Action                   |  1- 3 |  4- 6 |  7- 9 || total
-------------------------+-------+-------+-------++-------
Melee: Dagger            |    18 |    70 |    65 ||   153
 Cast: Magic Dart        |    33 |   120 |    53 ||   206
       Call Imp          |     1 |     6 |     9 ||    16
       Blink             |       |     5 |     2 ||     7
       Mephitic Cloud    |       |     1 |    14 ||    15
       Conjure Flame     |       |     1 |    10 ||    11
       Repel Missiles    |       |     1 |       ||     1
Invok: Channel Energy    |       |       |     6 ||     6
 Abil: Spit Poison       |     4 |    11 |    15 ||    30
Evoke: Wand              |       |     9 |       ||     9
  Use: Scroll            |       |    11 |     2 ||    13
 Stab: Sleeping          |     2 |     1 |       ||     3
       Confused          |       |     1 |     5 ||     6
  Eat: Chunk             |       |    10 |     6 ||    16
Armor: Robe              |     1 |    37 |    11 ||    49
Dodge: Dodged            |    10 |    60 |    34 ||   104
